 Dungeon Crawl Stone Soup version 0.21-a0-442-g848f44b3bc (webtiles) character file.

200 GordonOverkill the Insei (level 5, -1/37 HPs)
             Began as a Demonspawn Transmuter on Nov 16, 2017.
             Slain by Natasha (5 damage)
             ... on level 3 of the Dungeon.
             The game lasted 00:06:02 (3000 turns).

GordonOverkill the Insei (Demonspawn Transmuter)    Turns: 3000, Time: 00:06:03

Health: -1/37      AC:  6    Str: 11    XL:     5   Next: 48%
Magic:  8/9        EV: 12    Int: 14    God:
Gold:   129        SH:  0    Dex: 14    Spells: 9/10 levels left

rFire    . . .     SeeInvis .     - Unarmed
rCold    + . .     Gourm    .   (no shield)
rNeg     . . .     Faith    .   q - +2 leather armour {rC+}
rPois    .         Spirit   .   (no helmet)
rElec    .         Reflect  .   h - +0 cloak
rCorr    .         Harm     .   (no gloves)
MR       .....                  (no boots)
Stlth    +.........             (no amulet)
HPRegen  0.12/turn              (no ring)
MPRegen  0.11/turn              (no ring)

@: appendage, slowed, very slow
A: claws 2, hooves 2, horns 2
a: End Transformation


You were on level 3 of the Dungeon.
You were not hungry.
You had grown temporary horns.
You visited 1 branch of the dungeon, and saw 3 of its levels.

You collected 129 gold pieces.

Inventory:

Missiles
 a - 85 arrows
Armour
 e - a +1 chain mail of fire resistance
 h - a +0 cloak (worn)
 q - a +2 leather armour of cold resistance (worn)
Wands
 p - a wand of iceblast (9/15)
Scrolls
 b - 2 scrolls of fog {unknown}
 j - a scroll of identify
 k - a scroll of recharging
 l - a scroll of amnesia
 n - 2 scrolls of teleportation
 o - a scroll of enchant weapon {unknown}
Potions
 i - a potion of heal wounds
Books
 c - a book of Changes

   Spells                             Type                      Level
   a - Beastly Appendage              Transmutation                1
   b - Sticks to Snakes               Transmutation                2
   c - Spider Form                    Transmutation/Poison         3
   d - Ice Form                       Ice/Transmutation            4
   e - Blade Hands                    Transmutation                5
Comestibles
 d - 2 bread rations
 f - 7 chunks of flesh
 m - a meat ration


   Skills:
 - Level 1.0 Fighting
 - Level 1.7 Dodging
 * Level 4.5 Unarmed Combat
 + Level 3.1 Spellcasting
 + Level 3.0 Transmutations


You had 9 spell levels left.
You knew the following spells:

 Your Spells              Type           Power        Failure   Level  Hunger
a - Beastly Appendage     Tmut           ##....       9%          1    #......


Dungeon Overview and Level Annotations

Branches:
Dungeon (3/15)

Altars:

Annotations:
D:3 Natasha


Innate Abilities, Weirdness & Mutations

You have very sharp fingernails.
You have hoof-like feet.
You have a pair of horns on your head.


Message History

The crimson imp is lightly wounded.
The crimson imp closely misses you. Something claws you.
The white imp spits at you. The white imp gestures at you.
The puff of frost misses you. The white imp gestures at you.
The puff of frost hits something.
Something claws you.
The crimson imp grinds its teeth.
The crimson imp hits you.
You see here the felid corpse of Natasha.
You hear some strange, mumbled words.
Casting: Beastly Appendage
Confirm with . or Enter, or press ? or * to list all spells.
You grow a pair of large bovine horns.
Something claws you.
* * * LOW HITPOINT WARNING * * *
The iron imp barely misses you.
The crimson imp blinks!
The iron imp hits you.
* * * LOW HITPOINT WARNING * * *
Something claws you.
You die...

#.#.......##..........##
#.##'#######..........'.
#.##.## #..........##
#.....# #..........#
#.##÷.# ##############
###.....## #....# #
#........# #....# .
#)#......###....##.. .
#.#....5.@.†§....... .
#.##.....5##....##. .
#.##.###.5......# #
#.##....(.##.#......
#.######..##.#...... #..
....##.# ..... ###
###.###.# ..... ##. ...
.... ### ....


You could see an iron imp, a crimson imp and a white imp.

Vanquished Creatures
  Ijyb (D:3)
  Terence (D:2)
  Natasha (twice) (D:3)
  3 adders (D:2)
  An ooze (D:3)
  A worm (D:3)
  4 leopard geckos
  7 bats
  4 giant cockroaches
  6 goblins
  7 hobgoblins
  6 quokkas
  2 ball pythons
  3 frilled lizards
  6 kobolds
  11 rats
65 creatures vanquished.

Notes
Turn   | Place    | Note
-------+----------+-------------------------------------------
     0 | D:1      | GordonOverkill the Demonspawn Transmuter began the quest for the Orb.
     0 | D:1      | Reached XP level 1. HP: 15/15 MP: 3/3
   226 | D:1      | Reached skill level 3 in Unarmed Combat
   261 | D:1      | Gained mutation: You have large cloven feet. [demonic ancestry]
   261 | D:1      | Reached XP level 2. HP: 21/21 MP: 3/5
  1116 | D:2      | Gained mutation: You have sharp fingernails. [demonic ancestry]
  1116 | D:2      | Reached XP level 3. HP: 26/26 MP: 4/6
  1462 | D:2      | Noticed Terence
  1494 | D:2      | Killed Terence
  1494 | D:2      | Gained mutation: You have hoof-like feet. [demonic ancestry]
  1494 | D:2      | Reached XP level 4. HP: 22/32 MP: 7/7
  2465 | D:3      | Reached skill level 4 in Unarmed Combat
  2725 | D:3      | Noticed Ijyb
  2747 | D:3      | Killed Ijyb
  2747 | D:3      | Gained mutation: You have very sharp fingernails. [demonic ancestry]
  2747 | D:3      | Reached XP level 5. HP: 27/37 MP: 9/9
  2852 | D:3      | Noticed Natasha
  2890 | D:3      | Killed Natasha
  2980 | D:3      | Noticed Natasha
  2988 | D:3      | Killed Natasha
  2990 | D:3      | Noticed Natasha
  3000 | D:3      | Slain by Natasha

Vault maps used:
D:1:      lemuel_arrival_behind_the_door_small
D:2:      first_bread, uniq_terence
D:3:      uniq_natasha, uniq_ijyb, uniq_jessica

Skill      XL: |  1  2  3  4  5 |
---------------+----------------+-----
Unarmed Combat | 3 4 |  4.5
Transmutations | 2 3 |  3.0
Spellcasting   | 3 |  3.1
Fighting       | |  1.0
Dodging        | |  1.7

Action                   |  1- 3 |  4- 6 || total
-------------------------+-------+-------++-------
Melee: Unarmed           |   116 |   118 ||   234
       Headbutt          |     9 |    12 ||    21
       Kick              |    15 |    18 ||    33
       Punch             |     1 |     1 ||     2
 Cast: Beastly Appendage |    23 |    19 ||    42
  Use: Potion            |     3 |     1 ||     4
       Scroll            |       |     6 ||     6
  Eat: Chunk             |     2 |     5 ||     7
Armor: Leather armour    |    29 |    39 ||    68
       Robe              |     1 |       ||     1
       Skin              |     1 |       ||     1
Dodge: Dodged            |    78 |    82 ||   160

Table legend:
 A = Spawn XP
 B = Non-spawn XP
 C = Spawn XP percentage of total XP
 D = Spawn monster count
 E = Non-spawn monster count
 F = Spawn count percentage of total count
 G = Total turns spent on level
                    A         B        C        D         E        F      G
               +---------+---------+-------+---------+---------+-------+---------
         Total |       0 |     286 |   0.0 |       0 |      65 |   0.0 |  3000
               +---------+---------+-------+---------+---------+-------+---------
           D:1 |       0 |      39 |   0.0 |       0 |      23 |   0.0 |  1112
           D:2 |       0 |     102 |   0.0 |       0 |      22 |   0.0 |  1342
           D:3 |       0 |     145 |   0.0 |       0 |      20 |   0.0 |   546
               +---------+---------+-------+---------+---------+-------+---------
